 Dungeon Crawl Stone Soup version 0.21.1-1-g345015fe64 (webtiles) character file.

65 JOKERXD40 the Skirmisher (level 3, 0/29 HPs)
             Began as a Demonspawn Abyssal Knight on May 25, 2018.
             Was a Follower of Lugonu.
             Succumbed to a scorpion's poison
             ... on level 4 of the Dungeon.
             The game lasted 00:14:50 (1414 turns).

JOKERXD40 the Skirmisher (DsAK)                     Turns: 1414, Time: 00:14:50

Health: 0/29       AC:  8    Str: 12    XL:     3   Next: 92%
Magic:  5/5        EV:  9    Int: 13    God:    Lugonu [*.....]
Gold:   68         SH:  0    Dex: 13    Spells: 2/2 levels left

rFire    . . .     SeeInvis .   e - +4 short sword
rCold    . . .     Gourm    .   (no shield)
rNeg     . . .     Faith    .   l - +0 scale mail
rPois    .         Spirit   .   (no helmet)
rElec    .         Reflect  .   q - scarf {repulsion}
rCorr    .         Harm     .   (no gloves)
MR       .....                  (no boots)
Stlth    ..........             (no amulet)
HPRegen  0.09/turn              (no ring)
MPRegen  0.09/turn              (no ring)

@: lethally poisoned (0 -> -10), about to teleport, repel missiles
A: slimy green scales 1
a: Depart the Abyss, Renounce Religion


You were on level 4 of the Dungeon.
You worshipped Lugonu.
Lugonu was aware of your devotion.
You were not hungry.

You visited 1 branch of the dungeon, and saw 4 of its levels.
You visited the Abyss 1 time.

You collected 68 gold pieces.

Inventory:

Hand Weapons
 a - a +1 mace
 e - a +4 short sword (weapon)
Missiles
 h - 43 stones (quivered)
Armour
 l - a +0 scale mail (worn)
 q - a scarf of repulsion (worn)
Scrolls
 g - a scroll of amnesia
 k - 2 scrolls of identify
Potions
 b - a potion of heal wounds {unknown}
 f - 2 potions of curing {unknown}
 j - a potion of flight {unknown}
 m - a potion of mutation {unknown}
 n - a potion of brilliance
 r - a potion of invisibility {unknown}
Comestibles
 c - 7 rations
 o - 2 chunks of flesh


   Skills:
 + Level 3.4 Fighting
 + Level 0.5 Short Blades
 + Level 2.0 Maces & Flails
 + Level 0.8 Throwing
 + Level 2.5 Armour
 + Level 1.3 Dodging
 + Level 2.9 Invocations


You had 2 spell levels left.
You didn't know any spells.

Dungeon Overview and Level Annotations

Branches:
Dungeon (4/15)
 Temple: D:4-7

Altars:


Innate Abilities, Weirdness & Mutations

You are partially covered in slimy green scales. (AC +2)


Message History

The scorpion stings you but does no damage.
You hit the scorpion.
The scorpion is almost dead.
The scorpion completely misses you.
You hit the scorpion but do no damage.
The scorpion is almost dead.
The scorpion stings you.
* * * LOW HITPOINT WARNING * * *
As you read the scroll labeled SOAK GENOU, it crumbles to dust.
You feel strangely unstable.
It was a scroll of teleportation.
The scorpion stings you.
* * * LOW HITPOINT WARNING * * *
You are lethally poisoned!
The scorpion poisons you!
As you read the scroll of fog, it crumbles to dust.
The scroll dissolves into smoke.
* * * LOW HITPOINT WARNING * * *
You feel sick.
The scorpion stings you but does no damage.
You die...

###.#.# #.##.# # #.#.#
#.##.## # #.#.# #.....#
###.#.# ###.##..# .......
<......(.# .####
####.###.# .# # #§# .#
#########.###§####### .#
#.........§§@§s§((.(#
.####'#######.###########
.#.........# .#.........#
.#.........# ...........#
##.........#
##.........##.
########'####.#


You could see a scorpion.

Vanquished Creatures
  2 adders
  A shadow imp (D:3)
  2 dart slugs
  A leopard gecko (D:4)
  2 giant cockroaches
  4 goblins
  4 hobgoblins
  2 jackals (D:4)
  3 kobolds
  2 quokkas (D:4)
  6 bats
  3 frilled lizards
  A rat (D:2)
33 creatures vanquished.

Notes
Turn   | Place    | Note
-------+----------+-------------------------------------------
     0 | Abyss:1  | JOKERXD40 the Demonspawn Abyssal Knight began the quest for the Orb.
     0 | Abyss:1  | Reached XP level 1. HP: 18/18 MP: 2/2
    48 | Abyss:1  | Noticed a large abomination
    50 | D:1      | Escaped the Abyss
   186 | D:1      | Reached * piety under Lugonu
   241 | D:1      | Reached skill level 1 in Dodging
   372 | D:1      | Gained mutation: You are partially covered in slimy green scales. (AC +2) [demonic ancestry]
   372 | D:1      | Reached XP level 2. HP: 23/24 MP: 4/4
   416 | D:1      | You fall through a shaft!
   856 | D:3      | Reached XP level 3. HP: 25/29 MP: 5/5
  1375 | D:4      | Noticed a scorpion
  1413 | D:4      | HP: 1/29 [poisoned by a scorpion]
  1414 | D:4      | Succumbed to a scorpion's poison

Skill      XL: |  1  2 |
---------------+-------+-----
Dodging        | 1 |  1.3
Armour         | 2 |  2.5
Maces & Flails | 2 |  2.0
Fighting       | |  3.4
Short Blades   | |  0.5
Throwing       | |  0.8
Invocations    | |  2.9

Action                   || total
-------------------------++-------
Melee: Short sword       ||   100
       Mace              ||     2
Throw: Stone             ||    21
Invok: Depart the Abyss  ||     1
  Use: Scroll            ||     5
       Potion            ||     1
  Eat: Chunk             ||     2
Armor: Leather armour    ||     6
       Scale mail        ||    50
Dodge: Dodged            ||    71
